 Dungeon Crawl Stone Soup version 0.30.1-9-gdf580d7c3d (webtiles) character file.

Game seed: 5319461544105419579

7132 Zonian the Jinx (level 10, 0/50 HPs)
             Began as a Deep Elf Ice Elementalist on Oct 15, 2023.
             Was a Priest of Ashenzari.
             Slain by Erica
             ... wielding a +2 scimitar of flaming
              (4 damage)
             ... on level 2 of the Lair of Beasts.
             The game lasted 00:53:28 (16379 turns).

Zonian the Jinx (Deep Elf Ice Elementalist)        Turns: 16379, Time: 00:53:28

Health: 0/50       AC: 17    Str:  5    XL:     10   Next: 85%
Magic:  32/37      EV: 14    Int: 25    God:    Ashenzari [***...]
Gold:   639        SH:  0    Dex: 15    Spells: 2/33 levels left

rFire   . . .        F - +4 short sword (drain)
rCold   . . .        (no shield)
rNeg    . . .        a - +0 robe of the Wild Blue Yonder {Cun, Elem} (curse)
rPois   .            o - +1 hat of Cremastomancy {Self, Range} (curse)
rElec   .            L - +2 cloak
rCorr   .            q - +0 pair of gloves of Ouranomancy {Alch, Self} (curse)
SInv    +            h - +0 pair of boots "Oblivion of Ashenzari" {Bglg, Melee} (curse)
Will    +....        (no amulet)
Stlth   +++          f - ring of magical power
HPRegen 0.28/turn    I - ring "Gaze Upon Infinity" {Wiz, Bglg, Melee} (curse)
MPRegen 0.25/turn

%: clarity, wizardry (x1)
@: ice-armoured, freezing walls
A: no striking features
a: Renounce Religion, Curse Item, Shatter the Chains


You were on level 2 of the Lair of Beasts.
You worshipped Ashenzari.
Ashenzari was most pleased with you.
You visited 3 branches of the dungeon, and saw 12 of its levels.

You collected 639 gold pieces.

Inventory:

Hand Weapons
 g - a +0 short sword
 j - a +0 sling of freezing
 y - a +2 whip of electrocution
 B - a +0 falchion
 D - a +2 trident of protection
 E - a +1 whip of draining
 F - a +4 short sword of draining (weapon)
 H - a +3 dagger of venom
Missiles
 z - 21 poisoned darts
Armour
 a - the cursed +0 robe of the Wild Blue Yonder (worn) {Cun, Elem}

   It has a curse which improves the following skills: Cunning: Dodging and
   Stealth.
   Elements:  Fire Magic, Ice Magic, Air Magic and Earth Magic.
 h - the cursed +0 pair of boots "Oblivion of Ashenzari" (worn) {Bglg, Melee}
   (You found it on level 1 of the Dungeon)

   It has a curse which improves the following skills: Beguiling: Conjurations,
   Hexes and Translocations.
   Melee Combat: Short Blades, Long Blades, Axes, Maces & Flails, Polearms,
   Staves and Unarmed Combat.
 o - the cursed +1 hat of Cremastomancy (worn) {Self, Range}
   (You found it on level 1 of the Dungeon)

   It has a curse which improves the following skills: Introspection: Fighting
   and Spellcasting.
   Ranged Combat: Ranged Weapons and Throwing.
 q - the cursed +0 pair of gloves of Ouranomancy (worn) {Alch, Self}
   (You found it on level 5 of the Dungeon)

   It has a curse which improves the following skills: Alchemy: Poison Magic and
   Transmutations.
   Introspection: Fighting and Spellcasting.
 r - a +1 ring mail of willpower
 K - +0 steam dragon scales
 L - a +2 cloak (worn)
Jewellery
 f - a ring of magical power (left hand)
 G - a ring of fire
 I - the cursed ring "Gaze Upon Infinity" (right hand) {Wiz, Bglg, Melee}
   (You found it on level 8 of the Dungeon)

   [ring of wizardry]

   It improves your spell success rate.
   It has a curse which improves the following skills: Beguiling: Conjurations,
   Hexes and Translocations.
   Melee Combat: Short Blades, Long Blades, Axes, Maces & Flails, Polearms,
   Staves and Unarmed Combat.
Wands
 d - a wand of mindburst (13)
 A - a wand of digging (3)
 C - a wand of charming (9)
Scrolls
 e - a scroll of amnesia
Potions
 b - 2 potions of magic
 i - 4 potions of might
 l - 2 potions of mutation
 n - a potion of attraction
 p - a potion of flight
 s - a potion of resistance
 t - 2 potions of curing
 u - 2 potions of degeneration
 v - 3 potions of lignification
 x - a potion of haste
 J - a potion of ambrosia
Miscellaneous
 k - a phantom mirror (inert)


   Skills:
 + Level 4.8(6.9) Short Blades
 - Level 3.8(5.2) Dodging
 - Level 4.1(5.5) Stealth
 - Level 9.8(12.1) Spellcasting
 - Level 6.2(8.5) Conjurations
 + Level 11.1(13.3) Hexes
 - Level 3.2(5.1) Translocations
 - Level 4.0(5.4) Fire Magic
 - Level 8.0(9.5) Ice Magic
 - Level 3.1(4.4) Air Magic
 - Level 3.0(4.3) Earth Magic


You had 2 spell levels left.
You knew the following spells:

 Your Spells              Type           Power      Damage    Failure   Level
a - Freeze                Ice            100%       1d10      1%          1
b - Frozen Ramparts       Ice            100%       1d16      1%          3
c - Ozocubu's Armour      Ice            58%        N/A       1%          3
d - Inner Flame           Hex/Fire       58%        N/A       1%          3
e - Blink                 Tloc           80%        N/A       1%          2
f - Lesser Beckoning      Tloc           80%        N/A       1%          2
g - Swiftness             Air            37%        N/A       1%          3
h - Stone Arrow           Conj/Erth      94%        3d12      1%          3
i - Airstrike             Air            18%        2d(3-19)  2%          4
j - Enfeeble              Hex            34%        N/A       6%          7

Your spell library contained the following spells:

 Spells                   Type           Power      Damage    Failure   Level
 Shock                    Conj/Air       100%       1d9       1%          1
 Sting                    Tmut/Pois      60%        1d6       1%          1
 Momentum Strike          Conj/Tloc      98%        3d10      1%          2
 Poisonous Vapours        Pois/Air       52%        N/A       1%          2
 Summon Guardian Golem    Hex/Summ       48%        N/A       1%          3
 Summon Ice Beast         Ice/Summ       39%        N/A       2%          4
 Yara's Violent Unravell  Hex/Tmut       24%        3d11      2%          5
 Animate Armour           Summ/Erth      50%        N/A       6%          4
 Olgreb's Toxic Radiance  Pois           15%        N/A       16%         4
 Orb of Destruction       Conj           27%        9d9       38%         7
 Spellforged Servitor     Conj/Summ      18%        N/A       90%         7
 Malign Gateway           Summ/Tloc      14%        N/A       98%         7
 Lehudib's Crystal Spear  Conj/Erth      23%        10d7      99%         8
 Summon Horrible Things   Summ           7%         N/A       100%        8


Dungeon Overview and Level Annotations

Branches:
Dungeon (9/15)             Temple (1/1) D:4            Lair (2/5) D:9
    Orc (0/2) D:9
  Swamp: Lair:2-3    Shoals: Lair:2-3     Snake: Lair:2-3    Spider: Lair:2-3

Altars:
Ashenzari
Dithmenos
Elyvilon
Gozag
Hepliaklqana
Kikubaaqudgha
Makhleb
Okawaru
Qazlal
Ru
Trog
Vehumet
Wu Jian
Xom
Yredelemnul
Zin
The Shining One

Annotations:
D:3 3 runed translucent doors, bearlyready's ghost, amateur GnRe
D:4 1 runed translucent door, middlethird's ghost, amateur FoNe
D:6 exclusion: steam dragon
D:8 2 transporters, dwqdq's ghost, journeyman DsAE
Lair:1 Gastronok
Lair:2 Erica


Message History

Erica's magical effects unravel!
The bolt of dispelling energy hits the plant!
The plant begins to die.
The plant is lightly damaged.
The now-empty wand crumbles to dust.
* * * LOW HITPOINT WARNING * * *
You feel very sick.
The wall freezes the water moccasin.
The water moccasin seems to slow down.
The water moccasin misses you.
The wall freezes the yak!
The yak gores you but does no damage.
The wall freezes the yak!
The wall freezes the water moccasin!
You kill the water moccasin!
Ashenzari invites you to partake of a vision and a curse of evocations and elements.
You feel better.
The wall freezes the yak.
The yak gores you.
* * * LOW HITPOINT WARNING * * *
The wall freezes the cane toad!
The cane toad misses you.
The wall freezes the yak!
The wall freezes the yak.
The wall freezes the yak!
The wall freezes Erica.
Erica closely misses you.
Unknown command.
Okay, then.
Aiming: Mindburst
Press: ? - help, Shift-Dir - straight line, f - cane toad
Aim: a cane toad (heavily wounded, slow, chance to affect: 64%)
The cane toad's mind is blasted!
The wall freezes the yak.
The yak gores you but does no damage.
The wall freezes Erica!
Erica completely misses you.
The wall freezes the yak but does no damage.
The wall freezes the yak!
The wall freezes the cane toad!
The cane toad seems to slow down.
The cane toad stings you but does no damage.
You hit the cane toad but do no damage.
The cane toad is almost dead.
The wall freezes the yak but does no damage.
The wall freezes the yak!
The wall freezes the yak.
You kill the yak!
The wall freezes Erica!
Erica hits you with a +2 scimitar of flaming!
* * * LOW HITPOINT WARNING * * *
Erica burns you.
You die...

,,....... ..... ,,, , ,
....P.P# .#..#, ,.# , , *
...##(.##....# *#.. ,, ,
, ...#........#*....
,.......P...##... ,,
#....##.......,, ,
.#...$.P#........P# ,, ,
, >......##@.F.#....# ,
#......##@####..##+ **
,,#+#.....#.##†###{..#.##
...........{YY..........
,
............Y...........
, ,
........................
.......<................
........................
,
...................#.#.#
*
###.....#.#..#....P#.#..


You could see Erica, 3 yaks and a cane toad (slow).

Vanquished Creatures
  4 cane toads
  A komodo dragon (Lair:1)
  A troll (D:9)
  A shadow (D:9)
  6 yaks
  A basilisk (Lair:1)
  A steam dragon (D:9)
  4 vampire mosquitoes (D:8)
  3 wargs (D:9)
  4 water moccasins
  Duvessa (D:5)
  2 orc warriors
  A black bear (D:5)
  An ice beast (D:5)
  2 centaurs
  2 kobold brigands
  4 gnoll sergeants
  A scorpion (D:7)
  3 bullfrogs
  Dowan (D:5)
  8 howler monkeys
  5 hounds
  11 orc priests
  4 sleepcaps
  A gnoll bouda (D:7)
  5 jellies
  Ijyb (D:3)
  2 iguanas
  11 orc wizards
  23 gnolls
  5 adders
  2 white imps
  An ufetubus (D:4)
  2 worms
  3 dart slugs
  41 orcs
  4 ball pythons
  A bat (D:1)
  6 endoplasms
  3 giant cockroaches
  10 goblins
  9 hobgoblins
  14 kobolds
  4 quokkas
  5 frilled lizards
  5 rats
230 creatures vanquished.

Notes
Turn   | Place    | Note
-------+----------+-------------------------------------------
     0 | D:1      | Zonian the Deep Elf Ice Elementalist began the quest for
                  | the Orb.
     0 | D:1      | Reached XP level 1. HP: 10/10 MP: 6/6
   512 | D:1      | Reached XP level 2. HP: 6/15 MP: 8/8
  1415 | D:1      | Reached XP level 3. HP: 11/19 MP: 9/9
  2123 | D:2      | Learned a level 3 spell: Frozen Ramparts
  2127 | D:2      | Learned a level 3 spell: Ozocubu's Armour
  2710 | D:3      | Found a runed translucent gate.
  2710 | D:3      | Found a runed translucent gate.
  2714 | D:3      | Found a runed translucent gate.
  2715 | D:3      | Noticed bearlyready's ghost (amateur GnRe)
  3237 | D:3      | Reached XP level 4. HP: 24/24 MP: 11/11
  3441 | D:3      | Noticed Ijyb
  3453 | D:3      | Killed Ijyb
  3454 | D:3      | Reached skill level 5 in Ice Magic
  4051 | D:4      | Found a staircase to the Ecumenical Temple.
  4063 | Temple   | Entered the Ecumenical Temple
  4324 | Temple   | Became a worshipper of Ashenzari the Shackled
  4384 | D:4      | Reached XP level 5. HP: 26/28 MP: 13/13
  4723 | D:4      | Found a runed translucent door.
  4732 | D:4      | Noticed middlethird's ghost (amateur FoNe)
  4881 | D:4      | Reached skill level 5 in Spellcasting
  5065 | D:4      | Noticed an ogre
  5311 | D:5      | Entered Level 5 of the Dungeon
  5322 | D:5      | Reached XP level 6. HP: 21/32 MP: 16/16
  5526 | D:5      | Noticed Dowan
  5528 | D:5      | Noticed Duvessa
  6260 | D:5      | Noticed an ice beast
  6426 | D:5      | Killed Dowan
  6429 | D:5      | Killed Duvessa
  6430 | D:5      | Reached XP level 7. HP: 13/36 MP: 19/19
  6850 | D:5      | Found an iron altar of Okawaru.
  7352 | D:6      | Noticed a steam dragon
  7354 | D:6      | Reached * piety under Ashenzari
  7519 | D:6      | Reached XP level 8. HP: 21/41 MP: 23/23
  7783 | D:6      | Learned a level 3 spell: Inner Flame
  8034 | D:6      | Reached skill level 1 in Hexes
  8036 | D:6      | Reached skill level 1 in Fire Magic
  8467 | D:7      | Reached ** piety under Ashenzari
  8533 | D:7      | Reached skill level 2 in Hexes
  8541 | D:7      | Reached skill level 3 in Hexes
  8707 | D:7      | Reached skill level 4 in Hexes
  9426 | D:7      | Learned a level 2 spell: Blink
  9433 | D:7      | Learned a level 2 spell: Lesser Beckoning
  9437 | D:7      | Learned a level 3 spell: Swiftness
  9862 | D:8      | Reached skill level 5 in Hexes
 10003 | D:8      | Reached skill level 1 in Translocations
 10003 | D:8      | Reached XP level 9. HP: 34/45 MP: 26/26
 10056 | D:8      | Reached skill level 1 in Air Magic
 10704 | D:8      | Reached skill level 6 in Hexes
 10812 | D:8      | Learned a level 3 spell: Stone Arrow
 10840 | D:8      | Reached skill level 1 in Conjurations
 10840 | D:8      | Reached skill level 1 in Earth Magic
 10993 | D:8      | Found a transporter.
 10997 | D:8      | Noticed dwqdq's ghost (journeyman DsAE)
 11011 | D:8      | Found a transporter.
 11556 | D:9      | Reached *** piety under Ashenzari
 11777 | D:9      | Reached skill level 1 in Short Blades
 11862 | D:9      | Reached skill level 7 in Hexes
 11923 | D:9      | Reached XP level 10. HP: 15/50 MP: 21/28
 12302 | D:9      | Reached skill level 8 in Hexes
 13199 | D:9      | Reached skill level 5 in Conjurations
 13199 | D:9      | Reached skill level 9 in Hexes
 13243 | D:9      | Found a staircase to the Lair.
 13964 | D:9      | Found a staircase to the Orcish Mines.
 14915 | Lair:1   | Entered Level 1 of the Lair of Beasts
 14940 | Lair:1   | Reached **** piety under Ashenzari
 15121 | Lair:1   | Noticed a cane toad
 15137 | Lair:1   | Killed a cane toad
 15175 | Lair:1   | Learned a level 4 spell: Airstrike
 15183 | Lair:1   | Learned a level 7 spell: Enfeeble
 15198 | Lair:1   | Noticed Gastronok
 15291 | Lair:1   | Identified the +0 chain mail "Sufo Unidd" {rCorr}
 15292 | Lair:1   | Noticed a cane toad
 15300 | Lair:1   | Killed a cane toad
 15301 | Lair:1   | Reached skill level 10 in Hexes
 15302 | Lair:1   | Noticed a cane toad
 15625 | Lair:1   | Killed a cane toad
 16349 | Lair:2   | Noticed a cane toad
 16360 | Lair:2   | Noticed a cane toad
 16364 | Lair:2   | Noticed Erica
 16375 | Lair:2   | Killed a cane toad
 16376 | Lair:2   | Reached skill level 11 in Hexes
 16379 | Lair:2   | Slain by Erica

Illustrated notes

Levels and vault maps discovered:
D:1:      lightli_arrival_statuegarden, layout_basic, minmay_hedge_maze
D:2:      layout_rooms
D:3:      layout_rooms, biasface_ghost_orc_armoury,
          nicolae_kite_square_tiling_tiny, reono_crystal_passage, uniq_ijyb
D:4:      layout_loops_cross, minmay_temple_entry_glassed_door,
          ebering_ghost_sewer_d
D:5:      layout_rooms, mainiacjoe_overflow_catwalk, uniq_duvessa
D:6:      layout_basic
D:7:      layout_loops_ring
D:8:      layout_basic, gammafunk_ghost_stat_death
D:9:      layout_basic, erik_lair_orcish_takeover, david_orc_5
Temple:   mainiacjoe_temple_big_plus
Lair:1:   layout_chaotic_city, nicolae_lair_grove_arrangements,
          infiniplex_staircase_pool_2, uniq_gastronok
Lair:2:   layout_regular_city, dummy_snake_entry, uniq_erica

Skill      XL: |  1  2  3  4  5  6  7  8  9 10 |
---------------+-------------------------------+-----
Stealth        | 3 4 |  4.1
Dodging        | 3 |  3.8
Spellcasting   | 4 5 6 8 9 |  9.8
Ice Magic      | 5 6 8 |  8.0
Hexes          | 5 7 11 | 11.1
Fire Magic     | 4 |  4.0
Translocations | 1 3 |  3.2
Air Magic      | 3 |  3.1
Conjurations   | 3 6 |  6.2
Earth Magic    | 3 |  3.0
Short Blades   | 2 4 |  4.8

Action                     |  1- 3 |  4- 6 |  7- 9 | 10-12 || total
---------------------------+-------+-------+-------+-------++-------
  Melee: Short sword       |     3 |       |       |    43 ||    46
         Whip              |       |    31 |    56 |       ||    87
         Dagger            |       |       |    20 |    31 ||    51
   Fire: Sling             |    87 |    66 |   191 |    58 ||   402
  Throw: Dart              |       |    11 |     1 |     3 ||    15
   Cast: Freeze            |    37 |    13 |     1 |       ||    51
         Frozen Ramparts   |       |     8 |    37 |    18 ||    63
         Ozocubu's Armour  |       |     6 |     9 |    11 ||    26
         Inner Flame       |       |       |     2 |     5 ||     7
         Stone Arrow       |       |       |     1 |     7 ||     8
         Blink             |       |       |     1 |     3 ||     4
 Invoke: Curse Item        |       |     1 |     4 |     1 ||     6
         Shatter the Chain |       |       |       |     1 ||     1
  Evoke: Wand              |       |       |     7 |     8 ||    15
         Phantom mirror    |       |       |       |     1 ||     1
    Use: Scroll            |     8 |    10 |     7 |     5 ||    30
         Potion            |       |     1 |     4 |     6 ||    11
   Stab: Sleeping          |       |     2 |     1 |     1 ||     4
         Distracted        |       |     1 |       |       ||     1
 Armour: Robe              |    11 |    21 |    56 |    29 ||   117
  Dodge: Dodged            |    29 |    51 |   112 |    57 ||   249
